slyhack, chaotic female human Rogue --- ------------------ --- ----- |.|---|................|--------------|.-- --...| |.|...|................|dd.|..|...|...|..| |....| |.|...-..--|--.........|?dI|..|...|...|..---- |-...-- |.|...|..|...|..-----..|d@@|..|-|---|--..... |.....-------- |.-----..|...|--|(( |..--d---|-.........-- --.....--.|..| |........|...|..|((.+.............-----..| |...........--- |........|---|%.|(( |....).--|-...|...|..| |...|.........| |.----...|]((||------..[...|..|...-...|..| |.-----.......-- |.|..-...|(((|...[.......).|..|...|...|..-- |.| --.......|--.|..|...|...|-|-.....---|-------------.|.-- |.| ----...--|..----...--|-|..|..-|-|....................--- |.| --..---....|........|..|@.|..|----....---------.....| |.--- |.........|..#.....----..|..|.%.-....|.....[||.....| |...| ---.........|-....{........|..|(!.|....-...._.||.....-- |...| |.....--....--..|....#.....--------....|......||......| --.-- -<...----.......--.....................----------.....| -- ..--..| ------.....|...|.......--------.............--- |... ---- ----.---.----.---..| |.......--->..| ---- --- --- --- ---- --.--..-- --..| ------- ---- slyhack the Rogue Experience level: 8 Strength: 18/06 Dexterity: 17 Constitution: 16 Intelligence: 10 Wisdom: 8 Charisma: 10 Health: 0(56) Energy: 34(34) Def: 15 Gold: 1312 Moves: 12068 Dungeon seed: 0pRxDKg9b95XkCGx Game ID: slyhack_1480613435 Your Inventory: Coins $ - 1312 gold pieces Amulets r - an uncursed amulet of reflection (being worn) Weapons a - 4 +0 elven daggers (wielded) b - 7 +0 daggers (in quiver) R - 9 +0 darts V - 9 cursed +0 daggers Armor e - an uncursed +0 dwarvish iron helm (being worn) n - a cursed -1 leather cloak y - a cursed +0 pair of iron shoes A - an uncursed +0 dwarvish mithril-coat (being worn) C - a blessed +2 dwarvish cloak (being worn) F - an uncursed +0 pair of iron shoes (being worn) S - an uncursed +1 dwarvish roundshield (being worn) Rings l - a cursed ring of polymorph p - an uncursed ring of stealth t - a cursed ring of aggravate monster Wands o - a wand of light (0:12) u - a wand of digging (0:3) v - a blessed wand of polymorph (0:4) w - a cursed wand of secret door detection (0:13) x - a wand of striking (0:7) T - a cursed wand of fire (0:0) W - a blessed wand of make invisible (0:6) Tools k - an uncursed skeleton key m - an uncursed towel B - an uncursed sack D - a cursed sack E - a cursed stethoscope P - a cursed wooden flute Contents of the sack: 4520 gold pieces 2 uncursed scrolls of amnesia 2 uncursed scrolls of charging a blessed scroll of earth 3 uncursed scrolls of earth an uncursed scroll of gold detection a cursed scroll of gold detection an uncursed scroll of teleportation a cursed scroll of teleportation an uncursed ring of levitation an uncursed ring of polymorph control an uncursed ring of see invisible an uncursed ring of see invisible an uncursed ring of slow digestion an uncursed ring of teleportation Spells and supernatural/magical abilities: Name Level Category Fail Memory W - pray for help -- divine ? -- Your skills at the end: Fighting Skills wands [Basic] Weapon Skills dagger [Expert] short sword [Basic] Spellcasting Skills Final Attributes: You were piously aligned. You were telepathic. You were invisible. You were stealthy. You had reflection. You are dead. Vanquished creatures: a ghost 2 giant mimics a small mimic a large dog a tengu an elf mummy a chameleon a giant beetle 2 quivering blobs 3 winter wolf cubs 4 leprechauns an iron piercer a giant spider a scorpion a gnome king 2 orc mummies a dwarf mummy 2 gold golems a werewolf 3 lizards a dingo 2 jaguars 2 dwarf lords 4 blue jellies a gnome mummy 2 water nymphs a mountain nymph 2 Uruk-hai an orc shaman 4 ponies 4 fog clouds 2 yellow lights 4 shriekers a violet fungus 8 gnome lords 4 gnomish wizards a kobold mummy a red naga hatchling a black naga hatchling a guardian naga hatchling a gray ooze 2 elf zombies a ghoul a straw golem 9 giant ants 2 little dogs 4 floating eyes 2 kittens 17 dwarves a kobold lord a kobold shaman 2 hill orcs 8 rothes 4 rabid rats 2 centipedes a giant bat an orc zombie 2 dwarf zombies 3 wererats 3 iguanas 6 killer bees 4 acid blobs 3 gas spores 11 hobbits 4 manes 2 large kobolds a hobgoblin 7 giant rats 4 cave spiders a brown mold 2 yellow molds 2 green molds a red mold 32 gnomes 2 gnome zombies 3 geckos 14 jackals 2 kobolds 5 goblins 3 sewer rats 8 grid bugs 9 bats 8 lichens 5 kobold zombies 14 newts 298 creatures vanquished. Voluntary challenges: You used a wielded weapon 348 times, starting on turn 21. You read items or engraved 5 times, starting on turn 1642. You never genocided any monsters. You polymorphed 2 items, starting on turn 1641. You never changed form. You used no wishes. You never split a pudding. You wrote Elbereth's name 4 times, starting on turn 1642. You never violated your personal moral code. Dungeon overview: The Dungeons of Doom: levels 1 to 7 Level 1 a long staircase Level 2 a fountain Level 3 a general store stairs to The Gnomish Mines Level 4 a general store, a fountain Level 5 a jewelry store, a fountain Level 6 (delphi (bones)) many fountains Level 7 (stash) a fountain, a sink stairs to Sokoban The Gnomish Mines: levels 4 to 8 Level 4 stairs to The Dungeons of Doom Level 5 Level 6 Level 7 <- You were here many shops, a temple to Kos, some fountains, some trees Level 8 Sokoban: levels 3 to 6 Level 3 Level 4 Level 5 Level 6 stairs to The Dungeons of Doom History has recorded: On T:1 you entered the Dungeons of Doom to retrieve the Amulet of Yendor! On T:24 you reached level 2 of The Dungeons of Doom. On T:434 you advanced to experience level 2. On T:514 you reached level 3 of The Dungeons of Doom. On T:938 you reached level 4 of The Dungeons of Doom. On T:989 you reached level 1 of The Gnomish Mines. On T:997 you advanced to experience level 3. On T:1095 you advanced to experience level 4. On T:1388 you reached level 2 of The Gnomish Mines. On T:1637 you advanced to experience level 5. On T:2284 you reached level 3 of The Gnomish Mines. On T:2732 you advanced to experience level 6. On T:3524 you reached level 4 of The Gnomish Mines. On T:3773 you advanced to experience level 7. On T:4201 you reached level 5 of The Gnomish Mines. On T:6262 you reached level 5 of The Dungeons of Doom. On T:6762 you reached level 6 of The Dungeons of Doom. On T:6799 you reached level 7 of The Dungeons of Doom. On T:7108 you reached level 4 of Sokoban. On T:7482 you reached level 3 of Sokoban. On T:7979 you advanced to experience level 8. On T:9118 you reached level 2 of Sokoban. On T:9592 you reached level 1 of Sokoban. Score breakdown: Gold: 5832 (12810 points) Experience: 8 levels (14739 points) Exploration: 8 levels ( 16.33%) (11456 points) Discoveries: 11 items ( 3.65%) ( 5735 points) Valuables value: (no points given unless you survive) Artifact value: 0 ( 0 points) Variety of kills: 85 monsters ( 22.19%) (14132 points) Turncount: 12068 turns (-2656 points) Survival: died (score multiplied by 80%) Total score: 44972 Latest messages: The wolf turns to flee! The winter wolf turns to flee! The winter wolf bites! You add to the writing in the dust with your fingers. The winter wolf bites! The winter wolf just misses! The wolf turns to flee! You feel hidden! Gee! All of a sudden, you can't see yourself. The wolf turns to flee! The winter wolf misses. (4x) Please move the cursor to an unknown object. Manlobbi on a broad short sword on the floor of a room. You sense a monster nearby! The winter wolf bites! (2x) You die... Manlobbi gratefully inherits all your possessions. The sack is empty. The sack is empty. Final status: Goodbye slyhack the Rogue, killed by a winter wolf... You died in The Gnomish Mines on dungeon level 7 with 44972 points, and 5832 pieces of gold, after 12068 moves. You were level 8 with a maximum of 56 hit points when you died.